MingLee, neutral male gnomish Wizard ----- ....| -------------------------------- |<..| |..............................| |...| |.------|--------------..-----.| #-...| |.|....|..|...|. +..-...|.| ###---.- |.|....|..|...|. |..|...|.| # |.--|-----|...||------|..|...|..# ### |...%..|..|...|.|..|%%|.-----|.|### |.----.|..--|--.|..|!%|.-...)|.-### |.|..-.-|--..{..-|-|..|.|..h.|.| # |.|..|.............-|--.|..M.|.| |.|----|--.----|--..%...|....|.| |.|..|...|.+ |..|--|--------|.| |.|..|(((|.| |*?| ... |!%.-.| ..|..|(((|.---|*!|....| |%%.|.| |.-|------..{.---------+------.| |..............................| -------------------------------- MingLee the Thaumaturge Experience level: 7 Strength: 10 Dexterity: 11 Constitution: 13 Intelligence: 19 Wisdom: 12 Charisma: 10 Health: 69(91) Energy: 69(69) Def: 10 Gold: 305 Moves: 2009 Dungeon seed: H8XzDzXcO2xUoGKF Game ID: MingLee_1463167189 Your Inventory: Coins $ - 305 gold pieces Weapons a - a blessed +1 quarterstaff (weapon in hands) Armor e - an uncursed +0 cloak of magic resistance Scrolls i - an uncursed scroll of destroy armor j - an uncursed scroll of scare monster k - an uncursed scroll of enchant weapon s - 2 uncursed scrolls of create monster u - 3 uncursed scrolls of blank paper y - an uncursed scroll of genocide Spellbooks l - a blessed spellbook of force bolt m - an uncursed spellbook of charm monster Potions f - an uncursed potion of monster detection g - an uncursed potion of water h - an uncursed potion of blindness v - an uncursed potion of paralysis x - an uncursed potion of healing Rings c - an uncursed ring of polymorph d - an uncursed ring of warning q - an uncursed ring of slow digestion Wands b - an uncursed wand of light (0:14) t - an uncursed wand of light (0:15) Tools n - an uncursed magic marker (0:44) o - an uncursed blindfold w - an uncursed stethoscope z - an uncursed +0 unicorn horn Spells and supernatural/magical abilities: Name Level Category Fail Memory a - force bolt 1 attack 0% 90% e - charm monster 3 enchantment 0% 90% W - pray for help -- divine ? -- Z - mind blast -- ability ? -- Your skills at the end: Fighting Skills Weapon Skills quarterstaff [Basic] Spellcasting Skills attack spells [Basic] enchantment spells [Basic] Final Attributes: You were fervently aligned. You were poison resistant. You were hallucinating. You saw invisible. You were telepathic. You had infravision. You could fly. You were permanently polymorphed into a master mind flayer. You could not change from your current form. You survived. Vanquished creatures: a black pudding a water demon a succubus a black unicorn a rock piercer a shrieker 4 elf zombies a paper golem a giant ant 2 little dogs a homunculus a rothe a giant bat 6 monkeys 2 orc zombies 2 iguanas an acid blob a gas spore 6 hobbits 2 yellow molds a gnome a gnome zombie 2 jackals 3 foxes a kobold 6 goblins 7 grid bugs a bat 2 lichens 7 newts and a partridge in a pear tree 68 creatures vanquished. Voluntary challenges: You had been an atheist until turn 1879. You used a wielded weapon 74 times, starting on turn 13. You read items or engraved 1 time, starting on turn 1205. You never genocided any monsters. You never polymorphed an object. You never changed form. You used no wishes. You never split a pudding. You wrote Elbereth's name 1 time, starting on turn 1205. You violated your moral code, losing 20 points of alignment, starting on turn 1980. Dungeon overview: The Dungeons of Doom: levels 1 to 4 Level 1 a fountain, a sink a long staircase Level 2 Level 3 stairs to The Gnomish Mines Level 4 a sink The Gnomish Mines: levels 4 to 6 Level 4 stairs to The Dungeons of Doom Level 5 Level 6 <- You were here many shops, a temple to Thoth, some fountains History has recorded: On T:1 you entered the Dungeons of Doom to retrieve the Amulet of Yendor! On T:181 you advanced to experience level 2. On T:309 you advanced to experience level 3. On T:375 you advanced to experience level 4. On T:387 you advanced to experience level 5. On T:487 you advanced to experience level 6. On T:697 you reached level 2 of The Dungeons of Doom. On T:958 you reached level 3 of The Dungeons of Doom. On T:1306 you reached level 1 of The Gnomish Mines. On T:1351 you reached level 4 of The Dungeons of Doom. On T:1509 you reached level 2 of The Gnomish Mines. On T:1538 you advanced to experience level 7. On T:1772 you reached level 3 of The Gnomish Mines. Score breakdown: Gold: 305 ( 8455 points) Experience: 7 levels (13645 points) Exploration: 6 levels ( 12.50%) ( 9784 points) Discoveries: 2 items ( 0.70%) ( 2504 points) Valuables value: (no points given unless you survive) Artifact value: 0 ( 0 points) Variety of kills: 30 monsters ( 7.87%) ( 8418 points) Turncount: 2009 turns ( -7 points) Survival: quit (score multiplied by 90%) Total score: 38519 Latest messages: Final status: Goodbye MingLee the Wizard, quit... You quit in The Gnomish Mines on dungeon level 6 with 38519 points, and 305 pieces of gold, after 2009 moves. You were level 7 with a maximum of 45 hit points when you quit.